Map: Old Republic LE

Players

SZsOs (sOs) - Winner!

  • Race: Protoss Protoss
  • Spawn Location: 7:00

HolyHit

  • Race: Protoss Protoss
  • League: Grandmaster
  • Spawn Location: 1:00

VOD

Have the link to the VOD?

Description

Time

  • Played on: Jan. 30, 2026, 1:19 p.m.
  • Length: 14:00
Show
View Real Time Build Order
Export as new Build Order

SZsOs Protoss - Winner!

Build Orders:  

Get SALT Encoding   

  12  0:00  Probe  
  13  0:12  Probe  
  14  0:16  Pylon  
  14  0:24  Probe  
  15  0:32  Probe  
  15  0:36  Gateway  
  15  0:40  Probe  
  16  0:46  Assimilator  
  17  0:51  Probe  
  18  0:59  Probe  
  19  1:05  Assimilator  
  19  1:07  Probe  
  19  1:09  Gateway  
  19  1:17  Probe  
  20  1:23  Cybernetics Core  
  21  1:29  Probe  
  22  1:34  Pylon  
  22  1:41  Probe  
  23  1:56  Probe  
  23  1:59  Adept x2, Warp Gate  
  28  2:07  Robotics Facility  
  28  2:14  Pylon  
  28  2:29  Sentry  
  30  2:31  Stalker  
  32  2:38  Probe  
  33  2:44  Warp Prism  
  33  2:57  Shield Battery  
  35  3:05  Stalker  
  35  3:06  Pylon  
  37  3:14  Immortal  
  41  3:27  Shield Battery  
  41  3:29  Shield Battery  
  40  3:49  Pylon  
  40  3:53  Sentry  
  42  3:56  Immortal  
  42  4:00  Gateway  
  44  4:22  Probe  
  45  4:30  Stalker x2  
  49  4:34  Observer  
  50  4:42  Shield Battery  
  46  4:48  Pylon  
  46  4:58  Stalker x2  
  47  5:00  Probe  
  47  5:08  Immortal  
  51  5:38  Nexus  
  51  5:39  Probe  
  52  5:50  Stalker  
  54  6:02  Immortal  
  58  6:04  Probe  
  59  6:11  Pylon  
  59  6:16  Probe  
  60  6:28  Probe  
  60  6:29  Forge  
  61  6:40  Probe  
  62  6:47  Probe  
  62  6:48  Probe  
  62  6:49  Protoss Ground Weapons Level 1  
  62  6:53  Twilight Council  
  64  6:56  Probe  
  64  7:01  Probe, Warp Prism  
  66  7:08  Probe  
  66  7:15  Probe  
  68  7:20  Probe, Blink  
  69  7:25  Shield Battery  
  69  7:29  Sentry  
  71  7:33  Probe x2  
  73  7:47  Shield Battery, Immortal  
  77  7:52  Stalker x2  
  77  7:58  Shield Battery  
  81  8:12  Stalker  
  81  8:14  Probe x2, Assimilator  
  85  8:20  Pylon  
  85  8:26  Shield Battery  
  85  8:40  Stalker x3, Gateway  
  91  8:42  Gateway  
  91  8:45  Assimilator  
  91  8:46  Protoss Ground Weapons Level 2  
  91  9:04  Nexus  
  91  9:05  Pylon  
  91  9:12  Probe x2  
  91  9:14  Robotics Bay  
  93  9:31  Probe  
  94  9:32  Stalker x3  
  100  9:42  Pylon  
  98  9:53  Probe x2  
  98  9:57  Shield Battery  
  98  9:59  Stalker  
  102  10:00  Stalker  
  102  10:01  Stalker  
  106  10:10  Disruptor  
  110  10:22  Stalker x3  
  116  10:34  Probe  
  116  10:35  Probe x2, Protoss Ground Weapons Level 3  
  119  10:37  Disruptor  
  119  10:41  Photon Cannon  
  119  10:45  Charge  
  123  10:51  Probe  
  123  10:52  Probe  
  123  10:53  Pylon  
  125  11:01  Gateway  
  125  11:05  Disruptor, Photon Cannon  
  125  11:11  Probe  
  126  11:16  Gateway  
  130  11:23  Probe  
  130  11:25  Gateway  
  131  11:26  Pylon  
  131  11:35  Probe  
  131  11:36  Disruptor  
  132  11:40  Gateway  
  132  11:46  Pylon  
  136  11:48  Photon Cannon  
  136  11:52  Nexus  
  136  11:53  Pylon  
  136  12:00  Probe  
  137  12:02  Probe x2  
  137  12:03  Assimilator  
  137  12:06  Stalker x2  
  137  12:07  Stalker  
  137  12:08  Disruptor  
  145  12:18  Photon Cannon  
  145  12:21  Pylon  
  149  12:28  Templar Archives  
  149  12:32  Zealot  
  149  12:35  Zealot x3  
  153  12:45  Probe x3  
  154  12:56  Disruptor  
  158  13:00  Stargate  
  155  13:14  Probe  
  155  13:16  Probe  
  155  13:19  Zealot x9  
  173  13:20  Probe  
  173  13:21  Probe  
  175  13:28  Probe  
  175  13:32  Probe  
  172  13:36  Probe  
  156  13:55  Zealot x3  
  156  13:56  Zealot x6  
Show
View Real Time Build Order
Export as new Build Order

HolyHit Protoss 

Build Orders: Blink Stalkers 

Get SALT Encoding   

  12  0:00  Probe  
  13  0:12  Probe  
  14  0:17  Pylon  
  14  0:24  Probe  
  15  0:32  Probe  
  15  0:37  Gateway  
  15  0:40  Probe  
  16  0:47  Assimilator  
  17  0:51  Probe  
  17  0:55  Assimilator  
  18  1:01  Probe  
  19  1:09  Gateway, Probe  
  19  1:17  Probe  
  21  1:25  Cybernetics Core  
  21  1:30  Probe  
  22  1:38  Pylon  
  22  1:42  Probe  
  23  2:02  Adept x2  
  23  2:05  Twilight Council  
  23  2:07  Warp Gate  
  27  2:29  Stalker x2  
  27  2:30  Blink  
  31  2:39  Pylon  
  31  2:57  Shield Battery  
  31  3:02  Stalker  
  31  3:04  Stalker  
  35  3:23  Pylon  
  35  3:24  Gateway  
  35  3:35  Shield Battery  
  35  3:38  Shield Battery  
  35  3:43  Gateway  
  35  3:57  Stalker x2  
  39  4:19  Stalker  
  39  4:20  Stalker x2  
  45  4:35  Pylon  
  39  4:52  Stalker x3  
  43  5:00  Stalker  
  43  5:28  Nexus  
  43  5:31  Sentry  
  46  5:37  Sentry x2  
  49  5:44  Pylon  
  49  5:47  Probe  
  50  5:57  Stalker  
  50  6:08  Adept x2  
  50  6:10  Probe, Resonating Glaives  
  55  6:22  Probe  
  56  6:26  Adept  
  58  6:35  Probe  
  59  6:43  Adept  
  59  6:44  Adept, Probe  
  62  6:49  Probe  
  62  6:50  Shield Battery  
  62  6:52  Probe  
  63  6:59  Probe  
  64  7:02  Adept  
  64  7:04  Phoenix x2  
  67  7:10  Pylon  
  67  7:14  Adept  
  69  7:17  Probe  
  70  7:27  Pylon  
  70  7:28  Probe  
  70  7:29  Probe  
  72  7:34  Adept x2  
  76  7:40  Probe  
  76  7:41  Probe  
  78  7:52  Probe  
  78  7:53  Probe  
  78  7:54  Stalker x2  
  84  8:04  Probe  
  81  8:12  Adept  
  81  8:13  Probe  
  81  8:16  Probe  
  83  8:20  Robotics Facility  
  83  8:23  Pylon  
  83  8:25  Probe  
  84  8:31  Nexus  
  85  8:36  Adept  
  86  8:42  Pylon  
  86  8:43  Gateway  
  86  8:46  Adept  
  88  8:50  Stalker  
  88  8:53  Probe  
  91  9:00  Immortal  
  91  9:03  Adept  
  91  9:07  Probe  
  94  9:10  Pylon  
  94  9:15  Adept  
  94  9:17  Probe  
  99  9:25  Pylon  
  99  9:27  Pylon  
  97  9:31  Stalker  
  97  9:34  Probe x2  
  101  9:38  Stalker  
  101  9:39  Stalker  
  101  9:45  Probe  
  106  9:52  Stalker  
  108  9:54  Warp Prism  
  108  9:56  Probe  
  108  9:57  Probe  
  112  10:02  Adept  
  114  10:13  Probe  
  114  10:14  Charge  
  113  10:23  Adept  
  113  10:24  Stalker x3  
  113  10:28  Robotics Bay  
  119  10:31  Robotics Facility  
  119  10:35  Probe x3  
  116  10:36  Shield Battery  
  116  10:37  Assimilator  
  116  10:40  Assimilator  
  116  10:42  Shield Battery  
  116  10:48  Probe  
  118  10:50  Probe  
  118  10:51  Probe  
  118  10:54  Shield Battery  
  119  11:01  Probe  
  119  11:02  Probe  
  119  11:04  Probe  
  122  11:06  Assimilator  
  122  11:09  Disruptor  
  122  11:10  Assimilator  
  122  11:12  Stalker x2  
  122  11:13  Stalker x2, Probe  
  131  11:20  Disruptor  
  131  11:21  Shield Battery  
  139  11:33  Probe  
  139  11:35  Pylon  
  139  11:37  Pylon  
  140  11:49  Pylon  
  140  11:51  Disruptor  
  140  11:52  Forge, Pylon  
  140  11:53  Disruptor  
  144  11:54  Pylon  
  144  11:56  Pylon  
  148  12:01  Pylon  
  148  12:10  Nexus  
  148  12:13  Pylon  
  148  12:20  Forge  
  148  12:21  Disruptor  
  148  12:25  Photon Cannon  
  148  12:27  Photon Cannon  
  152  12:32  Disruptor  
  156  12:44  Stalker x3  
  162  12:52  Probe x3  
  162  12:57  Disruptor  
  169  13:02  Stalker  
  169  13:05  Gateway  
  171  13:08  Gateway  
  147  13:21  Disruptor  
  143  13:32  Observer  
  104  13:41  Stalker x4  
Tags
 
Add a new tag
Caveats
  • Supply blocks, unpowered buildings, or Contaminate may cause inaccurate times.
  • Supply counts are checked every 10 seconds.